 Dungeon Crawl Stone Soup version 0.29-a0-322-g68df515428 (webtiles) character file.

Game seed: 11569444909036304062

65 GigaChad the Skirmisher (level 3, -3/33 HPs)
             Began as a Draconian Chaos Knight on Apr 7, 2022.
             Was a Plaything of Xom.
             Slain by an iron imp (7 damage)
             ... summoned by Natasha
             ... on level 2 of the Dungeon.
             The game lasted 00:05:05 (1778 turns).

GigaChad the Skirmisher (Draconian Chaos Knight)    Turns: 1778, Time: 00:05:06

Health: -3/33      AC:  5    Str: 12    XL:     3   Next: 94%
Magic:  3/3        EV: 12    Int: 10    God:    Xom [.*....]
Gold:   77         SH:  0    Dex: 12    Spells: 2/2 levels left

rFire   . . .      SeeInvis .   a - +1 falchion (chaos)
rCold   . . .      Faith    .   (no shield)
rNeg    . . .      Spirit   .   (body armour unavailable)
rPois   .          Reflect  .   (helmet restricted)
rElec   .          Harm     .   (no cloak)
rCorr   .          Rampage  .   (no gloves)
Will    .....                   (no boots)
Stlth   +.........              (no amulet)
HPRegen 0.11/turn               (no ring)
MPRegen 0.08/turn               (no ring)

@: slowed, very slow
A: AC +5, unfitting armour, cold-blooded, dopey 1, screaming 1, weak 1
a: Renounce Religion


You were on level 2 of the Dungeon.
You worshipped Xom.
You were a plaything of Xom.
You visited 1 branch of the dungeon, and saw 2 of its levels.

You collected 77 gold pieces.

Inventory:

Hand Weapons
 a - a +1 falchion of chaos (weapon)
 g - a +1 short sword of flaming
Scrolls
 c - 3 scrolls of identify
 e - a scroll of amnesia {unknown}
 j - a scroll of acquirement {unknown}
 k - a scroll of magic mapping {unknown}
Potions
 d - 2 potions of flight {unknown}
 f - a potion of haste
 h - a potion of attraction {unknown}
 i - a potion of mutation {unknown}
Miscellaneous
 b - a piece from Xom's chessboard (15/15) (quivered)


   Skills:
 + Level 4.0 Fighting
 + Level 3.8 Long Blades
 + Level 2.7 Dodging
 + Level 0.2 Stealth


You had 2 spell levels left.
You didn't know any spells.
Your spell library contained the following spells:

 Spells                   Type           Power      Damage    Failure   Level
 Stone Arrow              Conj/Erth      0%         3d7       75%         3
 Lehudib's Crystal Spear  Conj/Erth      0%         10d2      100%        8
 Animate Armour           Summ/Erth      Unusable   N/A       N/A         4

Dungeon Overview and Level Annotations

Branches:
Dungeon (2/15)

Altars:

Annotations:
D:2 Natasha


Innate Abilities, Weirdness & Mutations

Your plain brown scales are hard. (AC +5)
You cannot fit into any form of body armour.
You are cold-blooded and may be slowed by cold attacks.
You are dopey. (Int -2)
You occasionally shout uncontrollably at your foes.
You are weak. (Str -2)


Message History

Natasha, Servant of Life and Death comes into view.
Natasha hisses angrily.
Natasha mumbles some strange words.
You hit Natasha. You burn Natasha.
Natasha is heavily wounded.
Natasha barely misses you.
You closely miss Natasha.
Natasha is heavily wounded.
The iron imp hits you. Natasha closely misses you.
You closely miss Natasha.
Your tail-slap misses Natasha.
Natasha is heavily wounded.
Natasha wildly gestures.
Natasha shimmers violently.
Natasha barely misses you. The iron imp barely misses you.
You hit Natasha.
Natasha seems to grow stronger.
Natasha is severely wounded.
Natasha casts a spell at you. The magic dart hits you. The iron imp misses you.
You hit Natasha. You burn Natasha.
Natasha is almost dead.
Natasha claws you.
The iron imp hits you but does no damage.
You closely miss Natasha.
Your tail-slap misses Natasha.
Natasha is almost dead.
Natasha claws you but does no damage.
The iron imp grins evilly.
The iron imp hits you!
A shower of butterflies erupts from you!
Natasha casts a spell at you.
You feel yourself slow down.
You closely miss Natasha.
Natasha is almost dead.
Natasha claws you but does no damage. The iron imp hits you!
You barely miss Natasha.
Natasha is almost dead.
Natasha claws you!
* * * LOW HITPOINT WARNING * * *
The iron imp hits you!
You die...
Xom thinks this is hilarious!

##..##........
##..##.#...........#
.......# ..........#
.......# .........#
.......# .....b..#
.......#### ###b...#
..........# #....#
..........# #.h5.#
..........# #.@..#
..........# #...b#
####......#####..b.####
........)รท'...'.......#
#########
#####.....#####....##.#
#........ # #.......#
#.#...#.###........
#.>.....#
#.#................
#.......#
#..................
#.......#
###....<...........


You could see an iron imp (summoned, ally target) and Natasha (strong).

Vanquished Creatures
  Natasha (D:2)
  2 worms (D:2)
  A dart slug (D:2)
  5 ball pythons
  5 bats
  4 endoplasms
  2 giant cockroaches (D:1)
  4 hobgoblins
  3 frilled lizards (D:1)
  3 goblins (D:1)
  2 kobolds
  2 rats
34 creatures vanquished.

Notes
Turn   | Place    | Note
-------+----------+-------------------------------------------
     0 | D:1      | GigaChad the Draconian Chaos Knight began the quest for the
                  | Orb.
     0 | D:1      | Reached XP level 1. HP: 19/19 MP: 1/1
    49 | D:1      | XOM: divination: detect creatures
   174 | D:1      | Reached XP level 2. HP: 12/26 MP: 2/2
  1095 | D:2      | Reached XP level 3. HP: 24/33 MP: 3/3
  1208 | D:2      | XOM: silly message
  1445 | D:2      | XOM: give mutations
  1445 | D:2      | Gained mutation: You occasionally shout uncontrollably at
                  | your foes. [Xom's mischief]
  1445 | D:2      | Gained mutation: You are weak. (Str -2) [Xom's mischief]
  1445 | D:2      | Gained mutation: You are dopey. (Int -2) [Xom's mischief]
  1450 | D:2      | Found a faded altar of an unknown god.
  1621 | D:2      | Noticed Natasha
  1622 | D:2      | XOM: torment (18/33 hp)
  1627 | D:2      | Killed Natasha
  1628 | D:2      | Reached skill level 4 in Fighting
  1767 | D:2      | Noticed Natasha
  1776 | D:2      | XOM: butterfly on damage
  1778 | D:2      | Slain by an iron imp

Illustrated notes

Levels and vault maps discovered:
D:1:      scummos_arrival_simple_fountains, layout_basic, st_stairs_5,
          roderic_malta_cross, minmay_misc_feat_diagonals
D:2:      layout_basic, dreamdust_ecumenical_altar_statues, uniq_natasha

Skill      XL: |  1  2  3 |
---------------+----------+-----
Fighting       | 4 |  4.0
Long Blades    | |  3.8
Dodging        | |  2.7
Stealth        | |  0.2

Action                   || total
-------------------------++-------
Melee: Falchion          ||   105
       Tailslap          ||     6
  Use: Scroll            ||     4
Armor: Skin              ||    53
Dodge: Dodged            ||   115

Table legend: (Time is in decaauts)
 A = Elapsed time spent in this place.
 B = Non-inter-level travel time spent in this place.
 C = Inter-level travel time spent in this place.
 D = Time resting spent in this place.
 E = Time spent auto-exploring this place.
 F = Levels seen in this place.
 G = Mean time per level.
                   A        B        C        D        E       F      G
               +--------+--------+--------+--------+--------+-----+--------+
         Total |   1800 |   1800 |      0 |    439 |    353 |   2 |  900.0 |
       Dungeon |   1800 |   1800 |      0 |    439 |    353 |   2 |  900.0 |
               +--------+--------+--------+--------+--------+-----+--------+

Top non-repeatable levels by time:
     D:1: 1057 daAuts
     D:2: 742 daAuts
